 Dungeon Crawl Stone Soup version 0.18-a0-1554-g49b38aa (webtiles) character file.

158 MenacingMecha the Digger (level 5, -2/28 HPs)
             Began as a Gargoyle Earth Elementalist on Mar 12, 2016.
             Slain by Menkaure (18 damage)
             ... on level 4 of the Dungeon.
             The game lasted 00:10:43 (3616 turns).

MenacingMecha the Digger (GrEE)                     Turns: 3616, Time: 00:10:43

Health: -2/28      AC:  8    Str: 12    XL:     5   Next: 39%
Magic:  7/10       EV: 12    Int: 16    God:
Gold:   205        SH:  0    Dex: 10    Spells: 3 memorised, 5 levels left

rFire  . . .     SeeInvis .     b - 32 stones
rCold  . . .     Gourm    .     g - +0 robe
rNeg   + . .     Faith    .     (no shield)
rPois  ∞         Spirit   .     u - +0 helmet
rElec  +         Dismiss  .     (no cloak)
rCorr  .         Reflect  .     y - +0 pair of gloves
SustAt .         Harm     .     (no boots)
MR     .....                    (no amulet)
Stlth  ++........               (no ring)
                                (no ring)

@: not resistant to hostile enchantments, unstealthy
A: negative energy resistance 1, electricity resistance, unbreathing,
petrification resistance, rot immunity, AC +4
a: no special abilities


You were on level 4 of the Dungeon.
You were not hungry.

You visited 1 branch of the dungeon, and saw 4 of its levels.

You collected 205 gold pieces.

Inventory:

Hand Weapons
 a - a +3 hand axe of chopping
 A - a +0 quarterstaff
Missiles
 b - 32 stones (in hand)
Armour
 g - a +0 robe (worn)
 u - a +0 helmet (worn)
 y - a +0 pair of gloves (worn)
Jewellery
 q - an uncursed ring of magical power {unknown}
 r - an uncursed ring of poison resistance {unknown}
Scrolls
 e - 3 scrolls of enchant weapon
 h - a scroll of recharging {unknown}
 k - 2 scrolls of enchant armour {unknown}
 n - a scroll of magic mapping {unknown}
 o - a scroll of fog {unknown}
 t - a scroll of teleportation {unknown}
 w - 2 scrolls of amnesia {unknown}
 x - a scroll of noise {unknown}
Potions
 f - a potion of degeneration {unknown}
 l - 3 potions of ambrosia {unknown}
 m - a potion of haste {unknown}
 p - 2 potions of might {unknown}
 s - a potion of resistance {unknown}
 z - a potion of curing {unknown}
Books
 c - a book of Geomancy

   Spells                             Type                      Level
   a - Sandblast                      Earth                        1
   b - Passwall                       Transmutation/Earth          2
   c - Stone Arrow                    Conjuration/Earth            3
   d - Petrify                        Transmutation/Earth          4
   e - Lee's Rapid Deconstruction     Earth                        5
Comestibles
 d - 4 bread rations
 i - 4 fruits
 j - 4 meat rations
 v - 2 slices of pizza
 B - a chunk of flesh


   Skills:
 - Level 1.5 Dodging
 - Level 2.1 Stealth
 + Level 3.6 Spellcasting
 + Level 2.0 Conjurations
 - Level 0.7 Transmutations
 + Level 5.1 Earth Magic


You had 5 spell levels left.
You knew the following spells:

 Your Spells              Type           Power        Failure   Level  Hunger
a - Sandblast             Erth           ###...       1%          1    None
b - Passwall              Trmt/Erth      ##........   10%         2    ##.....
c - Stone Arrow           Conj/Erth      ##....       12%         3    ###....


Dungeon Overview and Level Annotations

Branches:
Dungeon (4/15)
 Temple: D:4-7

Altars:
Nemelex Xobeh

Annotations:
D:4 Menkaure


Innate Abilities, Weirdness & Mutations

You are resistant to torment.
Your stone body is resilient (AC +4).
You are immune to poison.
You resist negative energy.
You are resistant to electric shocks.
You can survive without breathing.
You are immune to petrification.
You are immune to rotting.


Message History

Your body is wracked with pain!
Casting: Sandblast
Confirm with . or Enter, or press ? or * to list all spells.
Aiming: Sandblast
Press: ? - help, Shift-Dir - straight line, f/p - Menkaure
Aim: Menkaure (moderately damaged)
The rocky blast hits Menkaure.
Menkaure is heavily damaged.
Menkaure gestures at you while chanting.
Pain shoots through your body!
Casting: Sandblast
Confirm with . or Enter, or press ? or * to list all spells.
Aiming: Sandblast
Press: ? - help, Shift-Dir - straight line, f/p - Menkaure
Aim: Menkaure (heavily damaged)
The rocky blast hits Menkaure.
Menkaure is severely damaged.
Menkaure hits you!!
Ouch! That really hurt!
You die...

############### ##
#......<......#
...###.###########)#
..... #)# #..### #)#
#..@.# #.#
##M#.#########.#####
#.#................
###.#####.#####.#.##.
#.............#..#.#.
..........###.#.###..
..#..............#.#.
############.###.##.
#.##.#.#.


You could see Menkaure.

Vanquished Creatures
  4 gnolls (D:4)
  An adder (D:3)
  A shadow imp (D:4)
  6 worms
  A dart slug (D:2)
  2 giant geckos (D:2)
  3 orcs
  8 giant cockroaches
  5 goblins
  8 hobgoblins
  10 jackals
  2 quokkas (D:4)
  3 ball pythons
  4 bats
  3 giant newts
  7 kobolds
  6 rats
74 creatures vanquished.

Notes
Turn   | Place    | Note
--------------------------------------------------------------
     0 | D:1      | MenacingMecha the Gargoyle Earth Elementalist began the quest for the Orb.
     0 | D:1      | Reached XP level 1. HP: 10/10 MP: 3/3
   248 | D:1      | Reached XP level 2. HP: 15/15 MP: 3/5
   278 | D:1      | Learned a level 2 spell: Passwall
   344 | D:1      | Reached skill level 4 in Earth Magic
  1163 | D:2      | Reached XP level 3. HP: 19/19 MP: 4/7
  1197 | D:2      | Learned a level 3 spell: Stone Arrow
  1981 | D:2      | Reached XP level 4. HP: 20/24 MP: 8/8
  2642 | D:3      | Reached skill level 1 in Conjurations
  3204 | D:3      | Found a sparkling altar of Nemelex Xobeh.
  3466 | D:4      | Reached skill level 5 in Earth Magic
  3466 | D:4      | Reached XP level 5. HP: 28/28 MP: 5/10
  3611 | D:4      | Noticed Menkaure
  3616 | D:4      | Slain by Menkaure

Vault maps used:
D:1:      minmay_arrival_plants_in_alcoves
D:2:      first_bread
D:3:      nemelex_deck
D:4:      uniq_menkaure

Skill      XL: |  1  2  3  4  5 |
---------------+----------------+-----
Earth Magic    | 4 5 |  5.1
Spellcasting   | 3 |  3.6
Conjurations   | 1 2 |  2.0
Dodging        | |  1.5
Stealth        | |  2.1
Transmutations | |  0.7

Action                   |  1- 3 |  4- 6 || total
-------------------------+-------+-------++-------
Melee: Club              |    55 |       ||    55
       Whip              |    98 |    18 ||   116
       Hand axe          |       |    58 ||    58
 Cast: Sandblast         |    33 |    22 ||    55
       Stone Arrow       |     1 |     2 ||     3
  Use: Scroll            |       |     1 ||     1
  Eat: Chunk             |     4 |     6 ||    10
